Map: [ESL] Radhuset Station

Players

Harstem

  • Race: Protoss Protoss
  • Spawn Location: 7:00

Bly - Winner!

  • Race: Zerg Zerg
  • Spawn Location: 1:00

Event: ESL SC2 Masters 2023 Winter (Regional)

VOD

Have the link to the VOD?

Description

Time

  • Played on: Nov. 11, 2023, 9:02 a.m.
  • Length: 8:07

All games in this series

Show
View Real Time Build Order
Export as new Build Order

Harstem Protoss 

Build Orders: 1 Gate Expand, Oracle Opening 

Get SALT Encoding   

  12  0:00  Probe  
  13  0:12  Probe  
  14  0:18  Pylon  
  14  0:24  Probe (Chrono Boost)  
  15  0:36  Probe (Chrono Boost)  
  15  0:39  Gateway  
  16  0:45  Probe (Chrono Boost)  
  16  0:48  Assimilator  
  17  0:51  Probe  
  18  1:03  Probe  
  19  1:15  Probe  
  20  1:28  Nexus  
  20  1:36  Cybernetics Core  
  20  1:43  Probe  
  20  1:46  Assimilator  
  21  1:55  Probe  
  21  1:57  Pylon  
  22  2:07  Probe (Chrono Boost)  
  23  2:12  Adept (Chrono Boost)  
  25  2:19  Stargate  
  25  2:20  Probe (Chrono Boost)  
  26  2:26  Probe (Chrono Boost)  
  26  2:27  Warp Gate  
  27  2:35  Probe (Chrono Boost), Adept  
  30  2:41  Probe (Chrono Boost)  
  33  2:52  Probe x2 (Chrono Boost)  
  33  2:57  Probe (Chrono Boost)  
  33  2:58  Probe (Chrono Boost)  
  39  3:07  Probe  
  39  3:08  Void Ray (Chrono Boost)  
  39  3:10  Probe  
  41  3:19  Probe  
  42  3:21  Pylon  
  42  3:26  Probe  
  43  3:32  Probe  
  44  3:38  Probe  
  44  3:40  Oracle  
  48  3:44  Probe  
  49  3:50  Probe  
  49  3:52  Pylon  
  49  3:53  Gateway  
  50  3:56  Probe  
  50  4:02  Probe  
  52  4:12  Nexus  
  52  4:14  Stargate  
  52  4:15  Shield Battery  
  52  4:18  Probe  
  52  4:19  Adept  
  52  4:23  Pylon  
  55  4:25  Probe  
  56  4:34  Phoenix (Chrono Boost)  
  56  4:36  Probe  
  59  4:43  Probe  
  59  4:44  Assimilator  
  60  4:45  Pylon  
  60  4:49  Probe  
  60  4:51  Assimilator  
  61  4:56  Probe  
  61  4:57  Phoenix (Chrono Boost)  
  61  4:58  Shield Battery, Phoenix (Chrono Boost)  
  66  5:01  Probe  
  67  5:07  Adept x2  
  67  5:08  Probe  
  67  5:14  Probe  
  68  5:19  Phoenix  
  68  5:20  Probe  
  71  5:26  Probe  
  67  5:28  Adept x2  
  67  5:32  Probe  
  67  5:33  Probe  
  71  5:38  Probe  
  70  5:44  Probe  
  69  5:50  Adept x2  
  69  5:56  Probe (Chrono Boost)  
  69  5:57  Probe (Chrono Boost), Phoenix (Chrono Boost)  
  71  6:08  Phoenix (Chrono Boost)  
  71  6:10  Probe (Chrono Boost)  
  65  6:13  Adept  
  66  6:19  Zealot  
  66  6:22  Probe  
  66  6:23  Probe  
  66  6:30  Shield Battery  
  63  6:32  Pylon  
  63  6:35  Adept  
  62  6:42  Adept  
  64  6:47  Probe  
  64  6:48  Probe  
  64  6:49  Probe  
  64  6:51  Gateway  
  61  6:54  Gateway  
  61  6:58  Zealot  
  61  6:59  Probe  
  61  7:02  Phoenix (Chrono Boost)  
  61  7:05  Probe  
  61  7:06  Probe  
  62  7:12  Zealot  
  60  7:17  Probe  
  60  7:19  Adept  
  61  7:32  Probe  
  61  7:34  Probe  
  61  7:36  Pylon, Stalker  
  62  7:38  Pylon  
  62  7:42  Stalker  
  64  7:47  Stalker  
  65  7:54  Stalker  
  58  8:02  Stalker  
Show
View Real Time Build Order
Export as new Build Order

Bly Zerg - Winner!

Build Orders: Hatch First, Swarm Host 

Get SALT Encoding   

  12  0:00  Drone  
  13  0:12  Overlord  
  13  0:17  Drone  
  14  0:30  Drone x2  
  16  0:49  Hatchery  
  15  0:53  Drone  
  15  0:56  Drone  
  17  0:59  Drone  
  18  1:12  Extractor  
  18  1:15  Spawning Pool  
  18  1:18  Drone  
  17  1:21  Drone  
  18  1:29  Drone  
  19  1:38  Drone  
  20  1:50  Overlord  
  20  2:01  Queen x2  
  20  2:02  Zergling x4  
  26  2:11  Drone  
  26  2:12  Drone  
  28  2:16  Metabolic Boost  
  28  2:24  Drone x2  
  30  2:37  Drone  
  30  2:38  Drone  
  32  2:46  Zergling x2, Queen  
  32  2:47  Overlord  
  35  2:59  Drone  
  35  3:02  Overlord  
  36  3:10  Drone x4  
  39  3:18  Overlord  
  39  3:21  Lair  
  39  3:24  Drone x4  
  43  3:31  Drone  
  43  3:32  Queen  
  45  3:41  Drone x5  
  50  3:51  Overlord  
  50  3:55  Spore Crawler  
  49  3:56  Spore Crawler  
  49  3:57  Extractor  
  49  3:58  Extractor  
  47  4:02  Zergling x2  
  47  4:03  Zergling x6  
  50  4:12  Drone  
  50  4:13  Drone x4  
  50  4:14  Drone x2  
  50  4:15  Extractor  
  56  4:26  Nydus Network  
  56  4:27  Overlord  
  55  4:31  Drone x3  
  58  4:38  Infestation Pit  
  58  4:44  Overlord  
  57  4:46  Overlord x2  
  57  5:02  Zergling x8  
  57  5:03  Zergling x2, Overlord  
  57  5:05  Nydus Canal  
  60  5:14  Swarm Host x4  
  70  5:26  Zergling x12  
  70  5:27  Queen  
  76  5:33  Nydus Canal  
  75  5:36  Overlord  
  75  5:41  Queen  
  73  5:42  Swarm Host  
  73  5:43  Swarm Host  
  76  6:09  Zergling x10  
  78  6:17  Hatchery  
  77  6:20  Roach Warren  
  73  6:26  Queen x2  
  67  6:42  Drone x3  
  67  6:46  Zergling x8  
  70  6:51  Spore Crawler  
  70  6:52  Spore Crawler x2  
  66  6:54  Zergling x6, Spine Crawler x2  
  66  6:59  Zergling x2  
  67  7:01  Zergling x6  
  67  7:08  Roach  
  65  7:21  Nydus Canal  
  64  7:29  Roach x4  
  71  7:39  Drone  
  71  7:40  Drone x4  
  80  7:52  Ravager  
  80  7:53  Ravager x2  
  80  7:56  Nydus Canal  
Tags
 
Add a new tag
Caveats
  • Supply blocks, unpowered buildings, or Contaminate may cause inaccurate times.
  • Supply counts are checked every 10 seconds.